 Dungeon Crawl Stone Soup version 0.30-a0-43-gbbf338a72c (webtiles) character file.

Game seed: 253014907938900956

2 LnG the Trooper (level 1, 1/1 (19) HPs)
             Began as a Hill Orc Fighter on Sept 1, 2022.
             Tarried too long and was consumed by Zot
             ... on level 1 of the Dungeon.
             The game lasted 00:02:12 (8996 turns).

LnG the Trooper (Hill Orc Fighter)                  Turns: 8996, Time: 00:02:12

HP:   1/1 (19)      AC:  6    Str: 18    XL:     1   Next: 40%
MP:   1/1           EV:  9    Int:  8    God:
Gold: 0             SH:  4    Dex: 10    Spells: 0/0 levels left

rFire   . . .      SeeInvis .    a - +0 war axe
rCold   . . .      Faith    .    c - +0 buckler
rNeg    . . .      Spirit   .    b - +0 scale mail
rPois   .          Reflect  .    (no helmet)
rElec   .          Harm     .    (no cloak)
rCorr   .          Rampage  .    (no gloves)
Will    .....                    (no boots)
Stlth   ..........               (no amulet)
HPRegen 0.01/turn                (no ring)
MPRegen 0.07/turn                (no ring)

@: extremely drained, bezotted and risking death
A: no striking features
a: no special abilities


You were on level 1 of the Dungeon.
You visited 1 branch of the dungeon, and saw 1 of its levels.

Inventory:

Hand Weapons
 a - a +0 war axe (weapon)
Armour
 b - a +0 scale mail (worn)
 c - a +0 buckler (worn)
Potions
 d - a potion of might


   Skills:
 + Level 3.6 Fighting
 + Level 2.7 Axes
 + Level 3.4 Armour
 + Level 3.3 Shields


You couldn't memorise any spells.
You didn't know any spells.
Your spell library was empty.

Dungeon Overview and Level Annotations

Branches:
Dungeon (1/15) Zot: 0! You are so drained that the power of Zot will kill you!

Altars:


Message History

You start waiting.
Really rest while Zot is near?
You start waiting.
Really rest while Zot is near?
You start waiting.
Really rest while Zot is near?
You start waiting.
Really rest while Zot is near?
You start waiting.
Really rest while Zot is near?
You start waiting.
Really rest while Zot is near?
You start waiting.
Really rest while Zot is near?
You start waiting.
Really rest while Zot is near?
You start waiting.
Really rest while Zot is near?
You start waiting.
Zot draws nearer.
Dive deeper or flee this branch before you perish!
Really rest while Zot is near?
You start waiting.
Done waiting.
Really rest while Zot is near?
You start waiting.
Really rest while Zot is near?
You start waiting.
Really rest while Zot is near?
You start waiting.
Really rest while Zot is near?
You start waiting.
Really rest while Zot is near?
You start waiting.
Zot has nearly found you.
Death is approaching.
Descend or flee this branch!
Really rest while Zot is near?
You start waiting.
Really rest while Zot is near?
You start waiting.
Zot excises you from existence.
You die...

#....≈.....≈..#
#.≈≈§§§≈≈§§≈..#
#.≈.§§§.§..≈§.#
#.≈.§§§.≈§.≈..# #
#.≈..≈§.≈.≈§..#
#.##.≈§§.§.≈)....#
#...§≈....(≈..#..#
#...§≈§≈≈≈≈≈....##
#.....@......#.##
#...........###...
#.#..........#
.....
####..##.#..#......
#.#.#..#....^.^#.
#(###....#..._.# ?.
#..###..^. ##$ ..##
..#


There were no monsters in sight!

Vanquished Creatures
  2 goblins (D:1)
2 creatures vanquished.

Notes
Turn   | Place    | Note
-------+----------+-------------------------------------------
     0 | D:1      | LnG the Hill Orc Fighter began the quest for the Orb.
     0 | D:1      | Reached XP level 1. HP: 19/19 MP: 1/1
  5000 | D:1      | Glimpsed the power of Zot.
  5029 | D:1      | Found a faded altar of an unknown god.
  5497 | D:1      | Glimpsed the power of Zot.
  5897 | D:1      | Glimpsed the power of Zot.
  5996 | D:1      | Touched by the power of Zot.
  5997 | D:1      | Glimpsed the power of Zot.
  6497 | D:1      | Glimpsed the power of Zot.
  6897 | D:1      | Glimpsed the power of Zot.
  6996 | D:1      | Touched by the power of Zot.
  6997 | D:1      | Glimpsed the power of Zot.
  7497 | D:1      | Glimpsed the power of Zot.
  7897 | D:1      | Glimpsed the power of Zot.
  7996 | D:1      | Touched by the power of Zot.
  7997 | D:1      | Glimpsed the power of Zot.
  8497 | D:1      | Glimpsed the power of Zot.
  8897 | D:1      | Glimpsed the power of Zot.
  8996 | D:1      | Tarried too long and was consumed by Zot

Illustrated notes

Levels and vault maps discovered:
D:1:      ebering_hopf_link, layout_basic, ebering_ecumenical_altar_webs,
          minmay_octomino_j4

Action                   || total
-------------------------++-------
Melee: War axe           ||     7
Armor: Scale mail        ||     2
Dodge: Dodged            ||     3
Block: Buckler           ||     1

Table legend: (Time is in decaauts)
 A = Elapsed time spent in this place.
 B = Non-inter-level travel time spent in this place.
 C = Inter-level travel time spent in this place.
 D = Time resting spent in this place.
 E = Time spent auto-exploring this place.
 F = Levels seen in this place.
 G = Mean time per level.
                   A        B        C        D        E       F      G
               +--------+--------+--------+--------+--------+-----+--------+
         Total |   8999 |   8999 |      0 |   8957 |      0 |   1 | 8999.0 |
       Dungeon |   8999 |   8999 |      0 |   8957 |      0 |   1 | 8999.0 |
               +--------+--------+--------+--------+--------+-----+--------+

Top non-repeatable levels by time:
     D:1: 8999 daAuts
